 Dungeon Crawl Stone Soup version 0.31.0-11-ge490571c62 (webtiles) character file.

Game seed: 4670477306908903845

670863 Zeor the Merry Demonspawn (level 27, -9/314 HPs)
             Began as a Demonspawn Gladiator on Jan 27, 2024.
             Was the Champion of Qazlal.
             Mangled by an eldritch tentacle (16 damage)
             ... called by Mnoleg
             ... in Pandemonium on Jan 28, 2024.
             The game lasted 06:41:13 (67231 turns).

Zeor the Merry Demonspawn (Demonspawn Gladiator)   Turns: 67231, Time: 06:41:14

Health: -9/314     AC: 42    Str: 18    XL:     27
Magic:  0/39       EV: 19    Int:  8    God:    Qazlal [******]
Gold:   6402       SH:  0    Dex: 29    Spells: 15/41 levels left

rFire   . . .        b - +27 heavy crossbow "Sniper" {heavy, Acc+∞ SInv}
rCold   + . .        (shield currently unavailable)
rNeg    . . .        w - +14 chain mail "Ysesooh" {rC+ Stlth+}
rPois   +            p - +2 helmet {SInv}
rElec   +            C - +2 cloak {rPois}
rCorr   .            (gloves unavailable)
SInv    +            y - +3 pair of seven-league boots {Rampage+∞}
Will    +++..        l - brooch of Shielding {Spirit SH+8}
Stlth   +            O - ring of willpower
HPRegen 0.72/turn    u - ring "Zyimerec" {Wiz rElec Str+3 Slay+3}
MPRegen 0.26/turn

%: repel missiles, guardian spirit, rampage+∞, wizardry (x1)
@: confused, silenced, protected from physical damage, slowed, constricted,
studying Long Blades, very slow
A: foul stench 3, icemail 2, robust 3, sturdy frame 3, condensation shield,
demonic touch 3, thin skeletal structure 1, deterioration 1, dopey 1, mutation
resistance 1, wild magic 1
}: 5/15 runes: barnacled, slimy, silver, demonic, gossamer
a: Renounce Religion


You were in Pandemonium.
You worshipped Qazlal.
Qazlal was exalted by your worship.
You visited 10 branches of the dungeon, and saw 48 of its levels.
You visited Pandemonium 1 time, and saw 11 of its levels.
You also visited: Gauntlet, Ice Cave and Desolation.

You collected 8692 gold pieces.
You spent 2290 gold pieces at shops.

Inventory:

Hand Weapons
 a - the +10 demon blade of Gravity {drain, Str+3 Int+6}
   (You acquired it on level 2 of the Dungeon)

   Str+3:     It affects your strength (+3).
   Int+6:     It affects your intelligence (+6).
 b - the +27 heavy crossbow "Sniper" (weapon) {heavy, Acc+∞ SInv}
   (You acquired it on level 2 of the Dungeon)

   Acc+∞: It never misses its target.
   SInv:      It lets you see invisible.
Missiles
 d - 9 throwing nets
 i - 11 curare-tipped darts
Armour
 o - a scarf of resistance
 p - a +2 helmet of see invisible (worn)
 w - the +14 chain mail "Ysesooh" (worn) {rC+ Stlth+}
   (You found it on level 4 of the Shoals)

   rC+:       It protects you from cold.
   Stlth+:    It makes you more stealthy.
 y - the +3 pair of seven-league boots (worn) {Rampage+∞}
   (You found it on level 3 of the Lair of Beasts)

   Rampage+∞: When moving toward enemies, its wearer moves as far as possible,
   alerting their target en route.
 C - a +2 cloak of poison resistance (worn)
 W - the +6 chain mail of Zin's Fury {rN+}
   (You found it on level 3 of the Elven Halls)

   rN+:       It protects you from negative energy.
 Z - the +2 crystal plate armour of Ignis's Inspiration {rElec rPois rN++ Int+3}
   (You acquired it in Pandemonium)

   Int+3:     It affects your intelligence (+3).
   rElec:     It insulates you from electricity.
   rPois:     It protects you from poison rN++: It greatly protects you from
   negative energy.
Jewellery
 h - a ring of positive energy
 l - the brooch of Shielding (around neck) {Spirit SH+8}
   (You found it on level 2 of the Elven Halls)

   [amulet of guardian spirit]

   Spirit:    It causes incoming damage to be divided between your reserves of
   health and magic.
   SH+8:      It affects your SH (+8).
 u - the ring "Zyimerec" (right hand) {Wiz rElec Str+3 Slay+3}
   (You took it off an angel in Pandemonium)

   [ring of wizardry]

   Wiz:       It improves your spell success rate.
   Str+3:     It affects your strength (+3).
   Slay+3:    It affects your accuracy & damage with ranged weapons and melee
   (+3).
   rElec:     It insulates you from electricity.
 z - the ring "Zasso" {Fire +Blink Will+ Dex-5}
   (You took it off a vault sentinel on level 5 of the Vaults)

   [ring of fire]

   Fire:      It enhances your fire magic.
   Dex-5:     It affects your dexterity (-5).
   rF+:       It protects you from fire.
   rC-:       It makes you vulnerable to cold.
   Will+:     It increases your willpower.
   +Blink:    It lets you blink.
 B - the ring of the Floral Apple {rC+ Dex+3}
   (You took it off a merfolk siren on level 4 of the Shoals)

   [ring of protection from cold]

   Dex+3:     It affects your dexterity (+3).
   rC+:       It protects you from cold.
 J - the ring of Shadows {Umbra +Inv Stlth+}
   (You found it on level 3 of the Elven Halls)

   [ring of stealth]

   Umbra:     It surrounds you with an aura of shadow, increasing your stealth
   and reducing the accuracy of all others within it.
   +Inv:      It lets you turn invisible.
   Stlth+:    It makes you more stealthy.
 K - the ring "Huuter" {rCorr AC+4}
   (You took it off a spriggan air mage on level 3 of the Depths)

   [ring of protection]

   AC+4:      It affects your AC (+4).
   rCorr:     It protects you from acid and corrosion.
 N - a +5 ring of evasion
 O - a ring of willpower (left hand)
 Q - a ring of flight
 U - an amulet of reflection
Wands
 k - a wand of digging (18)
 m - a wand of polymorph (37)
 r - a wand of charming (71)
 V - a wand of quicksilver (63)
Scrolls
 c - 8 scrolls of fog
 j - 7 scrolls of immolation
 n - 11 scrolls of fear
 x - a scroll of vulnerability
 D - 6 scrolls of blinking
 E - 12 scrolls of teleportation
 H - 3 scrolls of silence
 L - 5 scrolls of poison
 S - 9 scrolls of enchant armour
 T - a scroll of summoning
 X - a scroll of revelation
Potions
 f - 3 potions of lignification
 g - 38 potions of curing
 s - 9 potions of berserk rage
 t - 14 potions of heal wounds
 v - 8 potions of attraction
 A - 2 potions of enlightenment
 F - 7 potions of haste
 G - 7 potions of cancellation
 I - 3 potions of mutation
 M - 6 potions of magic
 P - 16 potions of might
 R - 4 potions of ambrosia
 Y - 3 potions of resistance
Miscellaneous
 e - a phial of floods
 q - a lightning rod (4/4)


   Skills:
 * Level 25.3 Fighting
 - Level 14.1 Long Blades
 O Level 27 Ranged Weapons
 + Level 1.7 Throwing
 * Level 14.9 Armour
 + Level 11.8 Dodging
 - Level 1.5 Stealth
 + Level 12.7 Shields
 * Level 7.6 Spellcasting
 * Level 8.2 Hexes
 * Level 24.7 Invocations
 + Level 0.3 Evocations


You had 15 spell levels left.
You knew the following spells:

 Your Spells              Type           Power      Damage    Failure   Level
a - Anguish               Hex/Necr       6%         N/A       30%         4
b - Blink                 Tloc           6%         N/A       26%         2
d - Dimensional Bullseye  Hex/Tloc       6%         N/A       30%         4
e - Metabolic Englaciati  Hex/Ice        6%         N/A       58%         5
j - Jinxbite              Hex            42%        N/A       1%          2
s - Slow                  Hex            84%        N/A       1%          1
t - Tukima's Dance        Hex            21%        N/A       2%          3
S - Silence               Hex/Air        6%         N/A       58%         5

Your spell library contained the following spells:

 Spells                   Type           Power      Damage    Failure   Level
 Ensorcelled Hibernation  Hex/Ice        24%        N/A       6%          2
 Dazzling Flash           Conj/Hex       24%        N/A       11%         3
 Inner Flame              Hex/Fire       12%        N/A       11%         3
 Foxfire                  Conj/Fire      12%        2x1d4     19%         1
 Kiss of Death            Conj/Necr      12%        2d6       19%         1
 Magic Dart               Conj           12%        1d3       19%         1
 Necrotise                Necr           12%        1d4       19%         1
 Sandblast                Erth           6%         2d5       19%         1
 Sting                    Conj/Alch      12%        1d3       19%         1
 Call Imp                 Summ           6%         N/A       26%         2
 Cigotuvi's Dreadful Rot  Necr/Alch/Air  6%         N/A       26%         2
 Lesser Beckoning         Tloc           6%         N/A       26%         2
 Mercury Vapours          Alch/Air       6%         N/A       26%         2
 Momentum Strike          Conj/Tloc      6%         3d8       26%         2
 Searing Ray              Conj           6%         2d4       26%         2
 Static Discharge         Conj/Air       6%         3-4/arc   26%         2
 Sublimation of Blood     Necr           3%         N/A       26%         2
 Frozen Ramparts          Ice            6%         1d1       45%         3
 Fugue of the Fallen      Necr           3%         N/A       45%         3
 Hailstorm                Conj/Ice       3%         3d5       45%         3
 Ozocubu's Armour         Ice            3%         N/A       45%         3
 Passwall                 Erth           3%         N/A       45%         3
 Stone Arrow              Conj/Erth      6%         3d7       45%         3
 Summon Ice Beast         Ice/Summ       3%         N/A       45%         3
 Swiftness                Air            3%         N/A       45%         3
 Vampiric Draining        Necr           3%         2d6       45%         3
 Volatile Blastmotes      Fire/Tloc      6%         2d10      45%         3
 Summon Mana Viper        Hex/Summ       12%        N/A       58%         5
 Yara's Violent Unravell  Hex/Alch       6%         3d5       58%         5
 Airstrike                Air            1%         2d(1-17)  82%         4
 Animate Armour           Summ/Erth      6%         N/A       82%         4
 Animate Dead             Necr           3%         N/A       82%         4
 Brom's Barrelling Bould  Conj/Erth      3%         2d3       82%         4
 Dispel Undead            Necr           3%         3d7       82%         4
 Flame Wave               Conj/Fire      3%         2d5       82%         4
 Fulminant Prism          Conj/Alch      1%         3d5       82%         4
 Ignite Poison            Fire/Alch      3%         N/A       82%         4
 Iskenderun's Mystic Bla  Conj/Tloc      3%         2d3       82%         4
 Leda's Liquefaction      Alch/Erth      1%         N/A       82%         4
 Martyr's Knell           Necr/Summ      3%         N/A       82%         4
 Passage of Golubria      Tloc           3%         N/A       82%         4
 Petrify                  Alch/Erth      3%         N/A       82%         4
 Sticky Flame             Fire/Alch      3%         2d4       82%         4
 Summon Blazeheart Golem  Fire/Summ      3%         N/A       82%         4
 Summon Lightning Spire   Summ/Air       3%         N/A       82%         4
 Vhi's Electric Charge    Tloc/Air       6%         N/A       82%         4
 Arcjolt                  Conj/Air       1%         1d11      98%         5
 Borgnjor's Vile Clutch   Necr/Erth      1%         N/A       98%         5
 Irradiate                Conj/Alch      1%         3d12      98%         5
 Iskenderun's Battlesphe  Conj           3%         2d6       98%         5
 Lee's Rapid Deconstruct  Erth           1%         3d4*      98%         5
 Summon Forest            Summ/Tloc      1%         N/A       98%         5
 Enfeeble                 Hex            10%        N/A       98%         7
 Bombard                  Conj/Erth      1%         9d1       100%        6
 Death Channel            Necr           1%         N/A       100%        6
 Eringya's Noxious Bog    Alch           1%         4d6       100%        6
 Plasma Beam              Fire/Air       1%         2x1d11    100%        6
 Sculpt Simulacrum        Ice/Alch       1%         N/A       100%        6
 Starburst                Conj/Fire      1%         6d3       100%        6
 Summon Cactus Giant      Summ           1%         N/A       100%        6
 Malign Gateway           Summ/Tloc      1%         N/A       100%        7
 Monstrous Menagerie      Summ           1%         N/A       100%        7
 Orb of Destruction       Conj           1%         9d5       100%        7
 Spellforged Servitor     Conj/Summ      1%         N/A       100%        7
 Summon Hydra             Summ           1%         N/A       100%        7
 Discord                  Hex            10%        N/A       100%        8
 Ignition                 Fire           1%         3d3       100%        8
 Lehudib's Crystal Spear  Conj/Erth      1%         10d2      100%        8
 Maxwell's Capacitive Co  Air            1%         ∞         100%        8
 Summon Horrible Things   Summ           1%         N/A       100%        8
 Death's Door             Necr           1%         N/A       100%        9
 Polar Vortex             Ice            1%         N/A       100%        9


Dungeon Overview and Level Annotations

Branches:
Dungeon (15/15)            Temple (1/1) D:4            Lair (5/5) D:10
 Shoals (4/4) Lair:3       Spider (4/4) Lair:3        Slime (5/5) Lair:4
    Orc (2/2) D:10            Elf (3/3) Orc:2        Vaults (5/5) D:14
  Crypt (0/3) Vaults:2     Depths (4/4) D:15            Zot (0/5) Depths:4
  IceCv (visited)         Desolation (visited)      Gauntlet (visited)

Altars:
Ashenzari
Cheibriados
Dithmenos
Fedhas
Gozag
Hepliaklqana
Kikubaaqudgha
Makhleb
Nemelex Xobeh
Okawaru
Qazlal
Ru
Sif Muna
Trog
Uskayaw
Vehumet
Wu Jian
Xom
Yredelemnul
Jiyva

Shops:
D:10 **   D:13 *   Orc:2 :*[([*   Elf:1 !   Elf:2 (   Shoals:2 (   Shoals:3 (?:
Vaults:1 (   Vaults:2 [   Vaults:4 *   Depths:1 [   Depths:2 (   Depths:3 ?[*

Portals:
Hell: Depths:1 Depths:2 Depths:3 Depths:4
Abyss: Depths:1 Depths:3
Pandemonium: Depths:2 Depths:3 Depths:4
Ziggurat: Depths:1

Annotations:
D:9 3 runed translucent doors, Skitler's ghost, journeyman HOFi
Vaults:4 3 runed translucent doors, Xafer's ghost, adept DsGl
Depths:1 3 runed translucent doors, WeeknightWizard's ghost, veteran DEFE
Pan Mnoleg


Innate Abilities, Weirdness & Mutations

You frequently emit foul miasma when damaged in melee.
A meltable icy envelope protects you from harm. (AC +0)
You are extremely robust. (+30% HP)
Your movements are significantly less encumbered by armour. (ER -6)
A meltable shield of frost defends you. (SH +0)
Your touch may irresistibly damage your foes and sap their willpower.
You have a somewhat thin skeletal structure. (Dex +2, Stealth+)
Your body sometimes deteriorates upon taking damage.
You are dopey. (Int -2)
You are somewhat resistant to further mutation.
Your spells are a little harder to cast, but a little more powerful.


Message History

The eldritch tentacle completely misses you.
The large abomination completely misses you.
The tentacled monstrosity tentacle-slaps you but does no damage. x3
The tentacled monstrosity grabs you.
The tentacled monstrosity constricts you.
The large abomination hits you but does no damage.
Mnoleg calls on the powers of chaos!
The eldritch tentacle seems to speed up.
The eldritch tentacle segment suddenly seems more resistant.
The large abomination suddenly seems more agile.
The tentacled monstrosity suddenly seems more resistant.
The large abomination seems to grow stronger.
The large abomination suddenly seems more agile.
The large abomination's willpower is stripped away!
The large abomination seems to speed up. x2
The demonspawn corrupter misses you.
The demonspawn corrupter closely misses you.
The large abomination completely misses you.
The eldritch tentacle slaps you.
* * * LOW HITPOINT WARNING * * *
You feel as though you will be slow longer.
The eldritch tentacle claws you but does no damage.
The large abomination hits you but does no damage.
The large abomination closely misses you.
The tentacled monstrosity tentacle-slaps you.
* * * LOW HITPOINT WARNING * * *
The tentacled monstrosity closely misses you.
The tentacled monstrosity tentacle-slaps you but does no damage.
The tentacled monstrosity constricts you.
* * * LOW HITPOINT WARNING * * *
Mnoleg gestures.
The demonspawn corrupter barely misses you. x2
The large abomination barely misses you.
The tentacled monstrosity closely misses you.
The tentacled monstrosity misses you.
The tentacled monstrosity tentacle-slaps you but does no damage.
The tentacled monstrosity constricts you.
* * * LOW HITPOINT WARNING * * *
The eldritch tentacle slaps you!
You die... ∙▒▒▒∙∙∙∙∙∙∙∙∙∙∙∙▒▒ ∙▒▒∙∙∙∙∙∙∙∙∙▒▒∙∙∙▒▒ ∙∙∙ ∙∙∙∙∙∙∙∙∙∙∙▒▒▒▒∙∙∙▒ ∙∙∙)

∙∙∙∙∙∙▒▒∙∙∙▒▒▒▒∙∙∙▒▒∙∙∙∙
∙∙∙∙∙∙∙▒▒∙∙∙▒▒∙∙∙▒▒∙∙∙∙∙
∙▒▒∙∙∙∙∙▒▒∙∙∙∙∙∙▒▒G∙∙∙
∙▒▒▒∙∙∙∙∙▒▒∙∙∙∙▒▒GXX ▒▒
▒▒∙∙∙∙∙▒▒∙∙▒▒XX▒∙
▒▒∙∙∙∙∙▒▒▒▒w6▒∙∙
▒▒∙∙∙∙∙▒▒/XX6X▒
▒▒∙∙∙∙&/#☼#☼▒▒ ∙
▒▒∙∙∙*G∙∙∙▒▒ ▒
▒▒∙∙∙∙∙∙▒▒ ▒ ▒∙∙∙∙∙∙▒
▒∙∙∙∙∙∙∙∙▒ ▒∙∙∙∙∙∙∙∙∙∙▒
▒∙∙∙∙∙▒▒∙∙∙∙∙▒


You could see Mnoleg, a tentacled monstrosity (summoned, resistant), an eldritch
tentacle (fast), a demonspawn corrupter (berserk, strong), 2 eyes of
devastation, a glass eye (summoned) and 6 large abominations.

Vanquished Creatures
  the Royal Jelly (Slime:5)
  A seraph (Pan)
  A dread lich (Vaults:5)
  An ancient lich (Vaults:5)
  3 juggernauts (Depths:3)
  Xtahua (Vaults:4)
  Boris (twice) (Depths:1 Depths:3)
  Sojobo (Depths:1)
  Parghit (Depths:3)
  3 golden dragons
  Nikola (Vaults:3)
  A caustic shrike (Depths:3)
  6 pandemonium lords (Pan)
  A Brimstone Fiend (Pan)
  2 pearl dragons (Pan)
  2 tentacled monstrosities
  4 Ice Fiends (Pan)
  2 deep elf blademasters (Elf:3)
  4 Hell Sentinels (Pan)
  Mlioglotl (Shoals:3)
  4 liches
  A walking divine tome (Depths:3)
  7 sphinxes
  2 quicksilver dragons
  Asterion (Depths:1)
  A walking frostbound tome (Depths:3)
  27 acid blobs
  3 titans (Vaults:5)
  A kraken (Shoals:3)
  A deep elf master archer (Elf:3)
  6 Executioners (Pan)
  8 shadow dragons
  Agnes (Spider:1)
  10 rockslimes
  10 tengu reavers
  13 azure jellies
  2 protean progenitors (Pan)
  17 daevas (Pan)
  8 demonspawn warmongers (Pan)
  7 storm dragons
  2 draconian monks (Depths:4)
  14 vault wardens
  7 frost giants
  7 fire giants
  An iron dragon (Depths:2)
  3 emperor scorpions (Spider:4)
  3 deep elf elementalists (Elf:3)
  4 deep elf sorcerers (Elf:3)
  8 balrugs
  22 cacodemons (Pan)
  A ghost moth (Spider:3)
  39 angels (Pan)
  16 reapers
  An imperial myrmidon (Desolation)
  24 ironbound preservers
  3 orc warlords
  15 stone giants
  5 broodmothers (Spider:4)
  9 ironbound thunderhulks
  9 quicksilver oozes
  9 demonspawn corrupters (Pan)
  5 very ugly things
  5 demonspawn blood saints (Pan)
  5 deep elf death magi
  15 ophanim (Pan)
  30 apis (Pan)
  7 demonspawn black suns (Pan)
  8 formless jellyfish
  Nessos (Lair:4)
  A vampire knight (Depths:1)
  5 deep elf demonologists (Elf:3)
  10 spark wasps
  9 dire elephants (Vaults:1)
  17 lorocyprocas
  A yellow draconian (Depths:4)
  16 deep elf annihilators
  A white draconian (Depths:4)
  2 purple draconians (Depths:4)
  2 merfolk javelineers (Shoals:4)
  5 war gargoyles (Vaults:5)
  10 ettins
  3 jiangshi (Depths:2)
  Snorg (D:10)
  7 green deaths (Pan)
  A crystal guardian (Vaults:2)
  8 blizzard demons (Pan)
  12 yaktaur captains
  4 fire dragons
  9 merfolk impalers
  13 great orbs of eyes
  A ragged hierophant (Desolation)
  4 deep elf high priests
  34 vault guards
  5 entropy weavers
  3 ice dragons (Depths:4)
  An ogre mage (D:15)
  3 radroaches
  3 catoblepae
  3 rakshasas
  7 spriggan air magi
  6 hell beasts
  4 peacekeepers
  10 hydras
  16 centaur warriors
  10 boulder beetles
  2 jorogumos (Spider:4)
  5 merfolk avatars
  6 ironbound frosthearts
  18 death yaks
  3 merfolk aquamancers
  2 deep troll earth magi
  7 two-headed ogres
  A two-headed ogre (shapeshifter) (Vaults:5)
  33 dancing weapons
  A sphinx skeleton (Depths:1)
  7 deep troll shamans
  5 tengu warriors
  20 demonic crawlers
  5 orc high priests (Orc:2)
  Urug (Orc:2)
  Nergalle (D:10)
  4 vampire magi
  2 occultists
  24 soul eaters
  2 spriggan berserkers
  5 hell knights
  A shock serpent (shapeshifter) (Depths:3)
  16 deep elf knights
  Sonja (D:12)
  30 sun demons (Pan)
  A spriggan (Depths:3)
  8 skysharks
  3 iron trolls
  6 pharaoh ants
  A shadow wraith (Vaults:1)
  22 sixfirhies
  A goliath frog (Pan)
  13 cherubim (Pan)
  52 deep trolls
  A glowing orange brain (shapeshifter) (Vaults:5)
  12 shadow demons (Pan)
  5 skeletal warriors (D:12)
  6 phantasmal warriors
  3 glowing orange brains
  6 spectral wolf spiders (Spider:4)
  6 arcanists
  2 mana vipers (shapeshifter)
  10 sea snakes
  A shadow dragon zombie (Depths:3)
  5 steelbarb worms
  A flayed ghost (Depths:3)
  7 deep elf archers
  13 lindwurms
  13 orb spiders
  11 ironbound convokers
  3 wolf spider zombies (Spider:4)
  24 harpies
  12 orc knights
  7 necromancers
  17 wolf spiders
  5 orc sorcerers (Orc:2)
  33 deep elf pyromancers
  17 deep elf zephyrmancers
  8 fauns
  17 manticores
  33 ugly things
  18 large abominations (Pan)
  2 fauns (shapeshifter)
  5 shining eyes
  19 elephants
  Maurice (D:8)
  8 cyclopes
  A frost giant zombie (Depths:1)
  15 meliai
  A guardian serpent (shapeshifter) (Vaults:5)
  5 moths of wrath
  A salamander (shapeshifter) (Vaults:5)
  An eye of devastation (shapeshifter) (Vaults:5)
  4 black mambas
  10 merfolk sirens
  5 eyes of devastation
  17 smoke demons
  2 guardian serpents
  Joseph (D:9)
  29 vault sentinels
  A molten gargoyle (Desolation)
  5 rust devils
  An ice statue (IceCv)
  8 water nymphs
  A gargoyle (D:13)
  7 torpor snails
  30 orange demons (Pan)
  11 cane toads
  11 rime drakes
  32 yaktaurs
  A hellion (Pan)
  An unseen horror (shapeshifter) (D:15)
  A spark wasp simulacrum (Depths:3)
  12 komodo dragons
  5 tengu conjurers
  Maggie (D:7)
  2 freezing wraiths
  5 tormentors (Pan)
  A tengu simulacrum (Depths:1)
  8 trolls
  4 red devils (Pan)
  16 tarantellas
  6 hornets
  14 polar bears
  2 hellwings (Pan)
  3 wind drakes
  2 wolf spider simulacra (Spider:4)
  6 saltlings (Desolation)
  A hornet (shapeshifter) (D:15)
  33 merfolk
  21 blink frogs
  16 snapping turtles
  6 glass eyes
  18 dream sheep
  15 jumping spiders
  3 air elementals (Elf:3)
  123 slime creatures
  95 yaks
  A shadow (D:10)
  A spriggan (shapeshifter) (Vaults:5)
  Sigmund (D:4)
  13 ynoxinuls (Pan)
  20 water elementals
  2 fire elementals
  3 wyverns
  A vampire (Depths:3)
  15 culicivoras
  5 steam dragons
  7 basilisks
  20 neqoxecs (Pan)
  7 golden eyes
  A golden eye (shapeshifter) (D:12)
  A redback (shapeshifter) (Depths:3)
  12 vampire mosquitoes
  A human zombie (Depths:1)
  26 redbacks
  18 chaos spawn (Pan)
  Menkaure (D:4)
  A glowing shapeshifter zombie (Depths:3)
  A human skeleton (Depths:1)
  2 glowing shapeshifter skeletons (Depths:3)
  16 water moccasins
  32 orc warriors
  An ice beast (D:7)
  4 laughing skulls
  A black bear (D:7)
  A sky beast (D:7)
  7 ogres
  10 centaurs
  24 wolves
  3 kobold brigands
  19 bullfrogs
  A jelly (D:5)
  3 earth elementals
  5 scorpions
  6 wights
  6 killer bees
  5 electric eels
  A bombardier beetle (D:6)
  2 hounds (D:5)
  2 gnoll boudas (D:8)
  Crazy Yiuf (D:4)
  34 orc priests
  Ijyb (D:3)
  6 hell rats
  46 orc wizards
  3 iguanas
  Robin (D:4)
  13 gnolls (D:8)
  4 river rats (D:10)
  8 adders
  A shadow imp (D:7)
  2 ufetubi (D:7)
  A ribbon worm (D:7)
  3 dart slugs
  82 orcs
  4 endoplasms
  3 giant cockroaches
  5 hobgoblins
  6 jackals (D:4)
  5 quokkas
  7 ball pythons
  5 bats
  3 frilled lizards
  15 goblins
  22 kobolds
  8 rats
  2 aspiring fleshes (Pan)
  A lurking horror (Pan)
  A tentacle (Shoals:3)
2556 creatures vanquished.

Vanquished Creatures (collateral kills)
  2 tentacled monstrosities (Vaults:5)
  A lich (Depths:3)
  A deep elf master archer (Elf:3)
  An acid blob (Slime:5)
  An azure jelly (Slime:1)
  2 protean progenitors (Pan)
  A fire giant (Depths:3)
  A deep elf sorcerer (Elf:3)
  A demonspawn warmonger (Pan)
  A deep elf elementalist (Elf:3)
  3 cacodemons (Pan)
  A demonspawn blood saint (Pan)
  A demonspawn corrupter (Pan)
  A deep elf death mage (Elf:3)
  A spark wasp (Spider:1)
  A green death (Pan)
  6 vault guards (Vaults:5)
  A yaktaur captain (Vaults:5)
  2 peacekeepers (Desolation)
  2 radroaches
  An ogre mage (Vaults:5)
  A hell beast (Pan)
  3 sun demons (Pan)
  A goliath frog (Pan)
  3 deep trolls (Vaults:5)
  A steelbarb worm (Spider:4)
  A deep elf pyromancer (Elf:1)
  A deep elf zephyrmancer (Elf:1)
  3 wolf spiders (Spider:4)
  A vault sentinel (Vaults:5)
  6 orange demons (Pan)
  A torpor snail (Spider:4)
  A smoke demon (Pan)
  A hellion (Pan)
  2 yaktaurs (Vaults:5)
  A red devil (Pan)
  A glass eye (Pan)
  3 saltlings (Desolation)
  3 tarantellas (Spider:1)
  3 culicivoras (Spider:4)
  4 slime creatures (Slime:1)
  A ynoxinul (Pan)
  A neqoxec (Pan)
  3 redbacks
  An ogre (Vaults:5)
  3 aspiring fleshes (Pan)
82 creatures vanquished.

Vanquished Creatures (others)
  A pandemonium lord (Pan)
  A cacodemon (Pan)
  A demonspawn blood saint (Pan)
  A hell beast (Pan)
  2 deep elf pyromancers
  A yaktaur (Vaults:3)
  2 saltlings (Desolation)
  A yak (IceCv)
  A neqoxec (Pan)
  2 ogres (Vaults:5)
  6 tentacles (Shoals:3)
19 creatures vanquished.

Grand Total: 2657 creatures vanquished

Notes
Turn   | Place    | Note
-------+----------+-------------------------------------------
     0 | D:1      | Zeor the Demonspawn Gladiator began the quest for the Orb.
     0 | D:1      | Reached XP level 1. HP: 16/16 MP: 1/1
   135 | D:1      | Gained mutation: You may rarely emit foul miasma when
                  | damaged in melee. [demonic ancestry]
   135 | D:1      | Reached XP level 2. HP: 21/22 MP: 2/2
  1028 | D:2      | Found an ornate altar of the Wu Jian Council.
  1032 | D:2      | Identified 2 scrolls of acquirement
  1032 | D:2      | Acquired the +10 demon blade of Gravity {drain, Str+3
                  | Int+6}
  1037 | D:2      | Acquired the +27 heavy crossbow "Sniper" {heavy, Acc+∞
                  | SInv}
  1037 | D:2      | Found the +27 heavy crossbow "Sniper" {heavy, Acc+∞ SInv}
  1116 | D:2      | Reached XP level 3. HP: 28/28 MP: 3/3
  1234 | D:2      | Found a faded altar of an unknown god.
  1939 | D:3      | Noticed Ijyb
  1940 | D:3      | Killed Ijyb
  1941 | D:3      | Reached skill level 1 in Armour
  1941 | D:3      | Reached XP level 4. HP: 34/34 MP: 4/4
  2595 | D:4      | Noticed Sigmund
  2595 | D:4      | Noticed an ogre
  2596 | D:4      | Killed an ogre
  2597 | D:4      | Reached skill level 1 in Ranged Weapons
  2597 | D:4      | Reached skill level 1 in Stealth
  2597 | D:4      | Gained mutation: A meltable shield of frost defends you.
                  | (SH +0) [demonic ancestry]
  2597 | D:4      | Reached XP level 5. HP: 40/40 MP: 5/5
  2611 | D:4      | Killed Sigmund
  2612 | D:4      | Reached skill level 2 in Ranged Weapons
  2612 | D:4      | Gained mutation: You sometimes emit foul miasma when
                  | damaged in melee. [demonic ancestry]
  2612 | D:4      | Reached XP level 6. HP: 47/47 MP: 6/6
  2659 | D:4      | Noticed Robin
  2678 | D:4      | Killed Robin
  2779 | D:4      | Reached skill level 3 in Ranged Weapons
  3054 | D:4      | Found a staircase to the Ecumenical Temple.
  3063 | Temple   | Entered the Ecumenical Temple
  3136 | Temple   | Became a worshipper of Qazlal Stormbringer
  3366 | D:4      | Gained mutation: Your touch may inflict minor irresistible
                  | damage on your foes. [demonic ancestry]
  3366 | D:4      | Reached XP level 7. HP: 52/52 MP: 7/7
  3369 | D:4      | Noticed Menkaure
  3371 | D:4      | Killed Menkaure
  3372 | D:4      | Reached skill level 4 in Ranged Weapons
  3372 | D:4      | Reached skill level 1 in Invocations
  3483 | D:4      | Found a runed translucent door.
  3484 | D:4      | Noticed Crazy Yiuf
  3488 | D:4      | Killed Crazy Yiuf
  3499 | D:4      | Identified the +1 hammer of the Philosopher {antimagic,
                  | SInv}
  3698 | D:5      | Entered Level 5 of the Dungeon
  3710 | D:5      | Reached * piety under Qazlal
  3960 | D:5      | Reached skill level 5 in Ranged Weapons
  3960 | D:5      | Gained mutation: Your touch may inflict irresistible damage
                  | on your foes. [demonic ancestry]
  3960 | D:5      | Reached XP level 8. HP: 59/60 MP: 9/9
  4838 | D:6      | Reached skill level 5 in Long Blades
  4838 | D:6      | Reached skill level 6 in Ranged Weapons
  5308 | D:6      | Reached ** piety under Qazlal
  5901 | D:7      | Noticed Maggie
  5910 | D:7      | Killed Maggie
  5911 | D:7      | Reached skill level 5 in Fighting
  5911 | D:7      | Reached XP level 9. HP: 56/68 MP: 10/12
  6304 | D:7      | Reached skill level 7 in Ranged Weapons
  6539 | D:7      | Reached skill level 1 in Shields
  6684 | D:7      | Found a snail-covered altar of Cheibriados.
  6731 | D:7      | Reached skill level 5 in Invocations
  7253 | D:8      | Identified the maw talisman of the Shining Light {Dex+3}
  7272 | D:8      | Reached skill level 8 in Ranged Weapons
  7286 | D:8      | Noticed Maurice
  7288 | D:8      | Killed Maurice
  7298 | D:8      | Found a burning altar of Makhleb.
  7301 | D:8      | Found a hazy altar of Hepliaklqana.
  7547 | D:8      | Reached *** piety under Qazlal
  7612 | D:8      | Reached skill level 9 in Ranged Weapons
  7757 | D:8      | Reached XP level 10. HP: 76/76 MP: 14/14
  8307 | D:9      | Found a sparkling altar of Nemelex Xobeh.
  8336 | D:9      | Found a shadowy altar of Dithmenos.
  8337 | D:9      | Noticed Joseph
  8338 | D:9      | Killed Joseph
  8398 | D:9      | Noticed a two-headed ogre
  8399 | D:9      | Killed a two-headed ogre
  8400 | D:9      | Reached skill level 10 in Ranged Weapons
  8495 | D:9      | Noticed an eight-headed hydra
  8498 | D:9      | Killed an eight-headed hydra
  8511 | D:9      | Found a runed translucent gate.
  8511 | D:9      | Found a runed translucent gate.
  8512 | D:9      | Found a runed translucent gate.
  8512 | D:9      | Noticed Skitler's ghost (journeyman HOFi)
  8787 | D:9      | Reached skill level 11 in Ranged Weapons
  9038 | D:9      | Found a viscous altar of Jiyva.
  9085 | D:10     | Entered Level 10 of the Dungeon
  9118 | D:10     | Gained mutation: Your touch may irresistibly damage your
                  | foes and sap their willpower. [demonic ancestry]
  9118 | D:10     | Reached XP level 11. HP: 83/83 MP: 16/16
  9121 | D:10     | Noticed a death yak
  9126 | D:10     | Noticed a death yak
  9126 | D:10     | Noticed a death yak
  9128 | D:10     | Killed a death yak
  9130 | D:10     | Killed a death yak
  9132 | D:10     | Killed a death yak
  9139 | D:10     | Reached **** piety under Qazlal
  9196 | D:10     | Found a staircase to the Lair.
  9255 | D:10     | Found Keipadah's General Store.
  9257 | D:10     | Found Qugg's Specific Store.
  9265 | D:10     | Bought a potion of heal wounds for 55 gold pieces
  9649 | D:10     | Found a staircase to the Orcish Mines.
  9725 | D:10     | Noticed Nergalle
  9727 | D:10     | Killed Nergalle
  9737 | D:10     | Noticed Snorg
  9741 | D:10     | Killed Snorg
  9874 | D:10     | Reached skill level 12 in Ranged Weapons
 10037 | Lair:1   | Entered Level 1 of the Lair of Beasts
 10226 | Lair:1   | Found a basalt altar of Yredelemnul.
 10445 | Lair:1   | Gained mutation: A meltable icy envelope protects you from
                  | harm. (AC +0) [demonic ancestry]
 10445 | Lair:1   | Reached XP level 12. HP: 92/92 MP: 18/18
 10461 | Lair:1   | Identified the +4 robe of Caic {-Tele rPois rCorr Int+7}
 11204 | Lair:2   | Noticed a four-headed hydra
 11207 | Lair:2   | Killed a four-headed hydra
 11218 | Lair:2   | Found a gate leading to a gauntlet.
 11219 | Lair:2   | Noticed a death yak
 11221 | Lair:2   | Noticed a death yak
 11221 | Lair:2   | Noticed a death yak
 11223 | Lair:2   | Noticed a death yak
 11228 | Lair:2   | Killed a death yak
 11249 | Lair:2   | Killed a death yak
 11255 | Lair:2   | Killed a death yak
 11264 | Lair:2   | Killed a death yak
 11264 | Lair:2   | Reached ***** piety under Qazlal
 11265 | Lair:2   | Reached skill level 13 in Ranged Weapons
 11291 | Gauntlet | Entered a Gauntlet
 11291 | Gauntlet | Found a transporter.
 11291 | Gauntlet | Found a transporter.
 11292 | Gauntlet | Found a transporter.
 11293 | Gauntlet | Found a transporter.
 11294 | Gauntlet | Found a transporter.
 11296 | Gauntlet | Found a transporter.
 11301 | Gauntlet | Noticed a death scarab
 11302 | Gauntlet | Found a transporter.
 11304 | Gauntlet | Found a transporter.
 11305 | Gauntlet | Found a transporter.
 11307 | Gauntlet | Found a transporter.
 11310 | Gauntlet | Noticed a dire elephant
 11320 | Gauntlet | Found a runed translucent door.
 11321 | Gauntlet | Found a transporter.
 11322 | Gauntlet | Found a transporter.
 11659 | Lair:2   | Noticed a four-headed hydra
 11664 | Lair:2   | Killed a four-headed hydra
 11665 | Lair:2   | Reached skill level 10 in Invocations
 11813 | Lair:2   | Noticed a death yak
 11815 | Lair:2   | Noticed a boulder beetle
 11816 | Lair:2   | Killed a death yak
 11818 | Lair:2   | Killed a boulder beetle
 12699 | Lair:2   | Reached XP level 13. HP: 90/102 MP: 20/20
 12961 | Lair:3   | Reached skill level 14 in Ranged Weapons
 13235 | Lair:3   | Found a hole to the Spider Nest.
 13272 | Lair:3   | Reached skill level 10 in Fighting
 13421 | Lair:3   | Found a staircase to the Shoals.
 13847 | Lair:3   | Found the +3 pair of seven-league boots {Rampage+∞}
 14102 | Lair:4   | Reached skill level 5 in Dodging
 14128 | Lair:4   | Noticed Nessos
 14132 | Lair:4   | Killed Nessos
 14133 | Lair:4   | Reached skill level 15 in Ranged Weapons
 14315 | Lair:4   | Found a viscous altar of Jiyva.
 14322 | Lair:4   | Found a staircase to the Slime Pits.
 14464 | Lair:4   | Gained mutation: Your movements are slightly less
                  | encumbered by armour. (ER -2) [demonic ancestry]
 14464 | Lair:4   | Reached XP level 14. HP: 111/111 MP: 22/22
 14642 | Lair:4   | Identified the amulet of Generosity {Spirit +Blink rN+
                  | Str+3 Dex-3}
 14674 | Lair:4   | Reached ****** piety under Qazlal
 14949 | Lair:5   | Entered Level 5 of the Lair of Beasts
 16128 | Lair:5   | Reached skill level 16 in Ranged Weapons
 16807 | D:10     | Gained mutation: A meltable icy envelope protects you from
                  | harm. (AC +0) [demonic ancestry]
 16807 | D:10     | Reached XP level 15. HP: 59/119 MP: 24/24
 17320 | Orc:1    | Entered Level 1 of the Orcish Mines
 17708 | Orc:2    | Entered Level 2 of the Orcish Mines
 17726 | Orc:1    | Reached skill level 5 in Shields
 18534 | Orc:2    | Found a staircase to the Elven Halls.
 18717 | Orc:2    | Found Sufug's General Store.
 18784 | Orc:2    | Found Joyprig's Antique Armour Shop.
 19051 | Orc:2    | Noticed Urug
 19059 | Orc:2    | Killed Urug
 19214 | Orc:2    | Bought a runed scarf for 200 gold pieces
 19217 | Orc:2    | Bought a transparent robe for 142 gold pieces
 19217 | Orc:2    | Identified the +1 robe of Dithmenos's Approval {-Tele rPois
                  | Str+5} (You bought it in a shop on level 2 of the Orcish
                  | Mines)
 19963 | Orc:2    | Found Wusitiur's General Store.
 19964 | Orc:2    | Found Totitixt's Book Shop.
 19966 | Orc:2    | Found Vusaqeaw's Antique Armour Shop.
 19966 | Orc:2    | Found Junli's Antique Weapon Boutique.
 19971 | Orc:2    | Bought an ichor-stained helmet for 313 gold pieces
 19971 | Orc:2    | Identified the +0 helmet "Weddimun" {-Tele Str+8 Int+4
                  | Dex-4} (You bought it in a shop on level 2 of the Orcish
                  | Mines)
 19971 | Orc:2    | Bought a glowing scale mail for 231 gold pieces
 19972 | Orc:2    | Bought a smoking long sword for 221 gold pieces
 19972 | Orc:2    | Identified the +1 long sword "Rehobul" {flame, rElec Str+2
                  | Int+3} (You bought it in a shop on level 2 of the Orcish
                  | Mines)
 19985 | Orc:2    | Bought a scroll of identify for 24 gold pieces
 19985 | Orc:2    | Bought a scroll of blinking for 90 gold pieces
 20465 | D:12     | Noticed Sonja
 20468 | D:12     | Killed Sonja
 20473 | D:12     | Reached skill level 10 in Long Blades
 20487 | D:12     | Found a frozen archway.
 20514 | IceCv    | Entered an ice cave
 20666 | IceCv    | Reached skill level 17 in Ranged Weapons
 22036 | D:13     | Learned a level 2 spell: Blink
 22360 | D:13     | Found Bycuxas's Pet Rocks.
 22375 | D:13     | Bought a wand of digging (6) for 277 gold pieces
 22432 | D:13     | Identified the +0 ring mail "Beckyapa" {Will+ Str+5 Slay+2}
 22632 | D:13     | Identified the +6 dagger of the Feeding Pill Bug {vamp,
                  | Will+}
 22764 | D:13     | Reached XP level 16. HP: 130/130 MP: 26/26
 23397 | D:14     | Found a gate to the Vaults.
 23914 | D:15     | Entered Level 15 of the Dungeon
 24296 | D:15     | Found a staircase to the Depths.
 24536 | D:15     | Reached skill level 18 in Ranged Weapons
 25094 | Shoals:1 | Entered Level 1 of the Shoals
 25831 | Shoals:1 | Reached skill level 15 in Invocations
 26163 | Shoals:2 | Found Ysukoz's Antique Weapon Emporium.
 26427 | Shoals:2 | Gained mutation: You frequently emit foul miasma when
                  | damaged in melee. [demonic ancestry]
 26427 | Shoals:2 | Reached XP level 17. HP: 139/139 MP: 28/28
 27202 | Shoals:3 | Noticed a kraken
 27210 | Shoals:3 | Killed a kraken
 27241 | Shoals:3 | Noticed Mlioglotl
 27245 | Shoals:3 | Killed Mlioglotl
 27296 | Shoals:3 | Found Bate's Weapon Emporium.
 27556 | Shoals:3 | Found Gaorchuha's Book Boutique.
 27578 | Shoals:3 | Found Sazej's Magic Scroll Emporium.
 27586 | Shoals:3 | Bought a scroll of teleportation for 45 gold pieces
 27586 | Shoals:3 | Bought a scroll of teleportation for 45 gold pieces
 27586 | Shoals:3 | Bought a scroll of teleportation for 45 gold pieces
 27586 | Shoals:3 | Bought a scroll of teleportation for 45 gold pieces
 27903 | Shoals:4 | Entered Level 4 of the Shoals
 28496 | Shoals:4 | Got a barnacled rune of Zot
 28839 | Shoals:4 | Identified the ring of the Floral Apple {rC+ Dex+3}
 28935 | Shoals:4 | Reached skill level 19 in Ranged Weapons
 29224 | Shoals:4 | Identified the +14 chain mail "Ysesooh" {rC+ Stlth+}
 29877 | Spider:1 | Entered Level 1 of the Spider Nest
 29888 | Lair:3   | Reached skill level 5 in Armour
 30399 | Spider:1 | Noticed Agnes
 30401 | Spider:1 | Killed Agnes
 30818 | Spider:2 | Identified the blade talisman of Cumyucy {rF- rN+ SInv
                  | Stlth+}
 30883 | Spider:2 | Gained mutation: Your movements are less encumbered by
                  | armour. (ER -4) [demonic ancestry]
 30883 | Spider:2 | Reached XP level 18. HP: 148/148 MP: 30/30
 30930 | Spider:2 | Reached skill level 15 in Fighting
 32405 | Spider:4 | Entered Level 4 of the Spider Nest
 32581 | Spider:4 | Gained mutation: You are vulnerable to cold. (rC-)
                  | [mutagenic glow]
 32596 | Spider:4 | Gained mutation: You have a somewhat thin skeletal
                  | structure. (Dex +2, Stealth+) [mutagenic glow]
 33538 | Spider:4 | Got a gossamer rune of Zot
 33831 | Spider:4 | Reached skill level 20 in Ranged Weapons
 34235 | Vaults:1 | Entered Level 1 of the Vaults
 34360 | Vaults:1 | Identified the +3 leather armour of Ignis's Castigation
                  | {Dex+6}
 34363 | Vaults:1 | Found a crumbling gateway.
 34453 | Desolati | Entered the Desolation of Salt
 34464 | Desolati | Gained mutation: You are robust. (+10% HP) [demonic
                  | ancestry]
 34464 | Desolati | Reached XP level 19. HP: 59/172 MP: 22/31
 34473 | Desolati | HP: 8/172 [peacekeeper (27)]
 34475 | Desolati | Found the +7 captain's cutlass {speed, disarm}
 35673 | Vaults:1 | Found Minguc's Weapon Shoppe.
 36936 | Vaults:2 | Reached skill level 21 in Ranged Weapons
 37756 | Vaults:2 | Reached XP level 20. HP: 182/182 MP: 33/33
 37795 | Vaults:2 | Found a staircase to the Crypt.
 37828 | Vaults:2 | Found Putwill's Armour Shop.
 38294 | Vaults:3 | Noticed Nikola
 38299 | Vaults:3 | Killed Nikola
 39058 | Vaults:4 | Noticed Xtahua
 39063 | Vaults:4 | Killed Xtahua
 39416 | Vaults:4 | Found Paimor's General Store.
 39424 | Vaults:4 | Bought 2 scrolls of fear for 128 gold pieces
 39796 | Vaults:4 | Reached skill level 22 in Ranged Weapons
 40219 | Vaults:4 | Found a runed translucent gate.
 40219 | Vaults:4 | Found a runed translucent gate.
 40220 | Vaults:4 | Found a runed translucent gate.
 40225 | Vaults:4 | Noticed Xafer's ghost (adept DsGl)
 40763 | Depths:1 | Entered Level 1 of the Depths
 40855 | Depths:1 | Found a one-way gateway to a ziggurat.
 41494 | Depths:1 | Found Teshub's Dragon-Slaying Spoils.
 41578 | Depths:1 | Noticed Asterion
 41581 | Depths:1 | Killed Asterion
 41581 | Depths:1 | Noticed Boris
 41584 | Depths:1 | Killed Boris
 41798 | Depths:1 | Found a runed translucent gate.
 41799 | Depths:1 | Found a runed translucent gate.
 41805 | Depths:1 | Found a runed translucent gate.
 41806 | Depths:1 | Noticed WeeknightWizard's ghost (veteran DEFE)
 41831 | Depths:1 | Found a one-way gate to the infinite horrors of the Abyss.
 42045 | Depths:1 | Identified the storm talisman of the Blushing Gods {rF+}
 42045 | Depths:1 | Noticed Sojobo
 42051 | Depths:1 | Reached XP level 21. HP: 192/192 MP: 34/34
 42053 | Depths:1 | Killed Sojobo
 42251 | Depths:1 | Found a gateway to Hell.
 42312 | Depths:2 | Reached skill level 23 in Ranged Weapons
 42563 | Depths:2 | Found a shimmering blue altar of Sif Muna.
 42827 | Depths:2 | Found Cifoefep's Weapon Shoppe.
 43188 | Depths:2 | Found a one-way gate leading to the halls of Pandemonium.
 43928 | Depths:3 | Noticed Boris
 43931 | Depths:3 | Killed Boris
 44035 | Depths:3 | Found Irinoppu's Magic Scroll Boutique.
 44039 | Depths:3 | Found Plog's Armour Boutique.
 44046 | Depths:3 | Acquired the +4 kite shield of Gallantry {Str+2}
 44047 | Depths:3 | Acquired a manual of Fighting
 44056 | Depths:3 | Identified the +6 morningstar of Daosuf {flame, Str+4}
 44173 | Depths:3 | Reached skill level 10 in Armour
 44362 | Depths:3 | Found Otuagec's Blood Bar.
 44376 | Depths:3 | Noticed a caustic shrike
 44381 | Depths:3 | Killed a caustic shrike
 44382 | Depths:3 | Reached skill level 24 in Ranged Weapons
 44415 | Depths:3 | HP: 5/184 [fire giant/fireball (25)]
 44803 | Depths:3 | Identified the ring "Huuter" {rCorr AC+4}
 44868 | Depths:3 | Noticed a juggernaut
 44874 | Depths:3 | Killed a juggernaut
 44883 | Depths:3 | Noticed a juggernaut
 44885 | Depths:3 | Killed a juggernaut
 45001 | Depths:3 | Noticed a juggernaut
 45005 | Depths:3 | Killed a juggernaut
 45024 | Depths:3 | Identified the +2 plate armour of the Journeyman {Harm
                  | Str+2}
 45025 | Depths:3 | Identified the +2 helmet of Poip {rPois Str-5 Int+3}
 45085 | Depths:3 | Identified the staff "Seczaoli" {rElec rF- rCorr Dex+3
                  | Hexes Air}
 45386 | Depths:3 | Noticed Parghit
 45389 | Depths:3 | Killed Parghit
 45424 | Depths:3 | Gained mutation: You are very robust. (+20% HP) [demonic
                  | ancestry]
 45424 | Depths:3 | Reached XP level 22. HP: 195/223 MP: 35/35
 45924 | Depths:4 | Entered Level 4 of the Depths
 46449 | Depths:4 | Identified the +5 falchion "Erghuemyd" {drain, Dex+5}
 46943 | Depths:4 | Noticed a golden dragon
 46946 | Depths:4 | Killed a golden dragon
 47011 | Depths:4 | Noticed a golden dragon
 47013 | Depths:4 | Killed a golden dragon
 47260 | Depths:4 | Got the Compendium of Harmful Zombies
 47393 | Depths:4 | Found a gate to the Realm of Zot.
 47973 | Vaults:5 | Entered Level 5 of the Vaults
 48274 | Vaults:5 | Noticed a golden dragon
 48286 | Vaults:5 | Reached skill level 25 in Ranged Weapons
 48313 | Vaults:5 | Killed a golden dragon
 48321 | Vaults:5 | Noticed a dread lich
 48324 | Vaults:5 | Killed a dread lich
 48356 | Vaults:5 | Noticed an ancient lich
 48356 | Vaults:5 | Identified the ring "Gozasaca" {Ice rElec Int-2 Dex+4
                  | Stlth+}
 48359 | Vaults:5 | Identified the ring "Zasso" {Fire +Blink Will+ Dex-5}
 48367 | Vaults:5 | Killed an ancient lich
 48368 | Vaults:5 | Reached XP level 23. HP: 125/237 MP: 37/37
 48378 | Vaults:5 | Reached skill level 10 in Shields
 49230 | Vaults:5 | Identified the +4 broad axe of Wimugibe {drain, rF- rN++
                  | Str+4}
 49248 | Vaults:5 | Got the Opusculum on Dimensional Obstruction
 49360 | Vaults:5 | Identified the +0 robe of the Catfish {rF+ MP+9 Int+2}
 49436 | Vaults:5 | Reached skill level 10 in Dodging
 49511 | Vaults:5 | Found the +12 glaive of Prune {freeze, Prune}
 49534 | Vaults:5 | Learned a level 1 spell: Slow
 49541 | Vaults:5 | Learned a level 2 spell: Jinxbite
 49591 | Vaults:5 | Identified the +2 robe of Opuah {Int+3}
 49593 | Vaults:5 | Got Cigotuvi's Atlas of Viridian Resurrection
 49655 | Vaults:5 | Got a silver rune of Zot
 49661 | Vaults:5 | Got the Papyrus of Gaseous Outbursts
 49710 | Vaults:5 | Reached skill level 1 in Spellcasting
 50319 | Elf:1    | Entered Level 1 of the Elven Halls
 50327 | Elf:1    | Reached skill level 1 in Hexes
 51045 | Elf:1    | Found Weudoigg's Distillery.
 51052 | Elf:1    | Bought a potion of might for 52 gold pieces
 51052 | Elf:1    | Bought a potion of heal wounds for 65 gold pieces
 51052 | Elf:1    | Bought 2 potions of curing for 78 gold pieces
 51052 | Elf:1    | Bought a potion of ambrosia for 104 gold pieces
 51052 | Elf:1    | Bought a potion of heal wounds for 65 gold pieces
 51052 | Elf:1    | Bought a potion of heal wounds for 65 gold pieces
 51082 | Elf:1    | Got the Octavo of Wicked Magic
 51104 | Elf:1    | Got Dispater's Codex of Power
 51499 | Elf:2    | Found the brooch of Shielding {Spirit SH+8}
 51645 | Elf:2    | Found Iwul's Weapon Shop.
 51791 | Elf:2    | Found a runed translucent gate.
 51791 | Elf:2    | Found a runed translucent gate.
 51791 | Elf:2    | Found a runed translucent gate.
 52530 | Elf:3    | Entered Level 3 of the Elven Halls
 53516 | Elf:3    | Reached skill level 26 in Ranged Weapons
 53524 | Elf:3    | Reached XP level 24. HP: 206/249 MP: 35/37
 54169 | Elf:3    | Identified the staff of Malaise {rN+ rCorr Int+3 Stlth+
                  | Necro}
 54172 | Elf:3    | Identified the +6 chain mail of Zin's Fury {rN+}
 54173 | Elf:3    | Identified the +0 ring mail of Circular Logic {Dex+5}
 54190 | Elf:3    | Found the ring of Shadows {Umbra +Inv Stlth+}
 54201 | Elf:3    | Found the +6 lightning scales {swift, rElec}
 54210 | Elf:3    | Identified the +3 rapier of Eternal Night {antimagic,
                  | ^Contam rPois rCorr Str+4}
 54411 | Elf:3    | Identified the +3 arbalest of Fortitude {freeze, rElec
                  | rCorr Dex-3 SInv}
 54419 | Elf:3    | Identified the +1 longbow "Hicekeu" {heavy, rN+ Will- Int+9
                  | SInv}
 54795 | Slime:1  | Entered Level 1 of the Pits of Slime
 55174 | Slime:2  | Paralysed by a formless jellyfish for 1 turns
 55206 | Slime:2  | Paralysed by a formless jellyfish for 1 turns
 56953 | Slime:5  | Entered Level 5 of the Pits of Slime
 57052 | Slime:5  | Noticed the Royal Jelly
 57079 | Slime:5  | Killed the Royal Jelly
 57748 | Slime:5  | Identified the +0 chain mail "Pupomaoco" {*Corrode rElec
                  | Dex+6}
 57768 | Slime:5  | Got a slimy rune of Zot
 57772 | Slime:5  | Got the Lessons on Beckoning and the Faeries
 57773 | Slime:5  | Identified the +4 whip of Eminent Domain {flame, ^Fragile
                  | rN++ Dex+7}
 57788 | Slime:5  | Identified the staff of the Building Gods {Str+3 Int-2
                  | Stlth+ Earth}
 57806 | Slime:5  | Got Amostra Sizupp's Reference Book on Cold
 57820 | Slime:5  | Identified the +1 robe of Follow the Leader {rElec Will+++}
 57859 | Slime:5  | Identified the ring "Ynina" {rPois Str+3 Dex+6}
 57872 | Slime:5  | Identified the +10 flail "Liwn" {freeze, rF+ Str+2 Int-5}
 57878 | Slime:5  | Identified the +1 ring mail of Adoh {rCorr Str+6}
 57891 | Slime:5  | Gained mutation: You occasionally lose the ability to read
                  | scrolls when taking damage. [a shining eye]
 57891 | Slime:5  | Lost mutation: You have a somewhat thin skeletal structure.
                  | (Dex +2, Stealth+) [a shining eye]
 57893 | Slime:5  | Lost mutation: You occasionally lose the ability to read
                  | scrolls when taking damage. [potion of mutation]
 57893 | Slime:5  | Lost mutation: You are vulnerable to cold. (rC-) [potion of
                  | mutation]
 57893 | Slime:5  | Gained mutation: Your spells are a little harder to cast,
                  | but a little more powerful. [potion of mutation]
 57893 | Slime:5  | Gained mutation: You have a somewhat thin skeletal
                  | structure. (Dex +2, Stealth+) [potion of mutation]
 57893 | Slime:5  | Gained mutation: You are somewhat resistant to further
                  | mutation. [potion of mutation]
 57902 | Slime:5  | Identified the +4 ring mail of Lightning Storm {rPois rC+}
 57905 | Slime:5  | Identified the +4 whip "Grim" {flame, Dex+3}
 58676 | Pan      | Entered Pandemonium
 59098 | Pan      | Noticed a seraph
 59102 | Pan      | Identified the ring "Zyimerec" {Wiz rElec Str+3 Slay+3}
 59104 | Pan      | Killed a seraph
 59322 | Pan      | Got a demonic rune of Zot
 59425 | Pan      | Identified the +3 quarterstaff "Intae" {vamp, *Rage rElec
                  | Int+2 Dex+2}
 59434 | Pan      | Identified the staff of Henloi {+Blink Int+2 Conj}
 59503 | Pan      | Reached skill level 27 in Ranged Weapons
 59538 | Pan      | Reached XP level 25. HP: 262/262 MP: 38/38
 59832 | Pan      | Acquired the +2 crystal plate armour of Ignis's Inspiration
                  | {rElec rPois rN++ Int+3}
 59878 | Pan      | Identified the +3 scimitar of the Magi {heavy, Stlth+}
 61940 | Pan      | Noticed Doapliz the pandemonium lord
 61947 | Pan      | Killed Doapliz the pandemonium lord
 62678 | Pan      | Learned a level 3 spell: Tukima's Dance
 62837 | Pan      | Reached skill level 5 in Hexes
 62884 | Pan      | Noticed Yciraf the pandemonium lord
 62952 | Pan      | Reached skill level 5 in Spellcasting
 63034 | Pan      | Gained mutation: Your movements are significantly less
                  | encumbered by armour. (ER -6) [demonic ancestry]
 63034 | Pan      | Reached XP level 26. HP: 136/276 MP: 23/38
 63040 | Pan      | Noticed Ythiutt the pandemonium lord
 63089 | Pan      | Killed Ythiutt the pandemonium lord
 63713 | Pan      | Noticed Gumeptu the pandemonium lord
 63715 | Pan      | Killed Gumeptu the pandemonium lord
 63987 | Pan      | Found an exit through the horrors of the Abyss.
 64505 | Pan      | Noticed Ycroirph the pandemonium lord
 64514 | Pan      | Killed Ycroirph the pandemonium lord
 65284 | Pan      | Found an exit through the horrors of the Abyss.
 65470 | Pan      | Noticed Vuaxzeug the pandemonium lord
 65475 | Pan      | Killed Vuaxzeug the pandemonium lord
 65646 | Pan      | Noticed Nusaa the pandemonium lord
 65650 | Pan      | Killed Nusaa the pandemonium lord
 66260 | Pan      | Noticed Miteg the pandemonium lord
 66264 | Pan      | Killed Miteg the pandemonium lord
 66277 | Pan      | Gained mutation: You are extremely robust. (+30% HP)
                  | [demonic ancestry]
 66277 | Pan      | Reached XP level 27. HP: 282/314 MP: 39/39
 66328 | Pan      | Learned a level 4 spell: Anguish
 66333 | Pan      | Learned a level 4 spell: Dimensional Bullseye
 66339 | Pan      | Learned a level 5 spell: Metabolic Englaciation
 66345 | Pan      | Learned a level 5 spell: Silence
 66695 | Pan      | Entered the realm of Mnoleg.
 66849 | Pan      | Gained mutation: Your body sometimes deteriorates upon
                  | taking damage. [a neqoxec]
 66850 | Pan      | Gained mutation: You are dopey. (Int -2) [a neqoxec]
 67223 | Pan      | Noticed Mnoleg
 67231 | Pan      | HP: 13/314 [eldritch tentacle[Mnoleg] (3)]
 67231 | Pan      | Mangled by an eldritch tentacle

Illustrated notes

Levels and vault maps discovered:
D:1:      giann_bridges, layout_basic
D:2:      layout_loops_ring, basic_altar, hellmonk_ecumenical_altar_zigzags
D:3:      layout_loops_ring, minmay_gold_behind_fungi, uniq_ijyb
D:4:      layout_rooms, minmay_temple_entry_junction, uniq_robin, uniq_sigmund,
          uniq_crazy_yiuf_cottage, uniq_menkaure
D:5:      layout_gridville
D:6:      layout_loops_corners
D:7:      layout_basic, slow_altar_2, uniq_maggie
D:8:      layout_basic, gammafunk_temple_overflow_pools,
          kennysheep_generic_room_6, uniq_maurice
D:9:      kennysheep_six_static_rooms, layout_loops_ring,
          mainiacjoe_overflow_catwalk_spiral, gammafunk_ghost_ooze, uniq_joseph
D:10:     layout_roguey, dpeg_lair_monsters, david_orc_1_choice,
          minmay_stone_trees_small, nicolae_specific_store, uniq_nergalle,
          uniq_snorg
D:11:     layout_cross
D:12:     layout_basic, portal_ice_cave_entry_pillars_1, uniq_sonja
D:13:     layout_irregular_city, guppyfry_shop_earth
D:14:     layout_roguey, lightli_vaults_fourway_checkpoint,
          dreamdust_wishing_well
D:15:     hangedman_depths_entry_civil_slaughter, layout_stronghold,
          hangedman_abyss_or_decor_slice
Temple:   minmay_temple_bridge_d
Lair:1:   layout_cave_pods, basic_altar
Lair:2:   nzn_winding_woodlands_three_and_one
          [nzn_winding_woodlands_5x15_default,
          nzn_winding_woodlands_5x15_parted, nzn_winding_woodlands_5x15_default,
          nzn_winding_woodlands_center_pierced_h], layout_misc_corridors,
          gauntlet_entry_generic, st_stairs_7, nicolae_quartered_pool_little,
          infiniplex_staircase_pool_2
Lair:3:   layout_roguey, minmay_shoals_entry_hut, spider_nest_entry_a,
          hellmonk_guarded_unrand_seven_league_boots
Lair:4:   layout_concentric_octagons, slime_entry_1, serial_bayou_shore_a,
          uniq_nessos
Lair:5:   gammafunk_lair_ancient_temple, layout_gridlike,
          infiniplex_staircase_pool
Shoals:1: layout_shoals
Shoals:2: nzn_motion_control, layout_shoals, serial_shops, shop
Shoals:3: layout_shoals, serial_shops, shop, nicolae_shop_trees, shop,
          uniq_mlioglotl
Shoals:4: shoals_end_hangedman, layout_shoals
Spider:1: layout_spider_delve, drop_trap, uniq_agnes
Spider:2: layout_spider_delve
Spider:3: layout_spider_delve, nicolae_spider_webs_and_nodes
Spider:4: hellmonk_spider_rune_endless_swarm, nicolae_spider_undead_wolf_pack
Slime:1:  layout_caves
Slime:2:  layout_caves
Slime:3:  layout_caves, nicolae_slime_crime_time
Slime:4:  layout_caves, cheibrodos_slime_lost_civilization_7
Slime:5:  slime_pit_nicolae_block_by_block
Orc:1:    layout_caves
Orc:2:    st_orc_congregation, layout_caves, guppyfry_orc_lava_fort, uniq_urug
Elf:1:    elf_arrival_002, layout_gridlike, serial_shops, shop,
          minmay_elf_annihilation, grunt_ministairs_9, drop_trap
Elf:2:    nicolae_elf_blades_crystal_corner, layout_geoelf_diagonals,
          serial_shops, shop
Elf:3:    elf_hall, layout_geoelf_castle, hex_large, hangedman_elf_simple_split,
          billiards_dpeg
Vaults:1: portal_desolation_entry_twin_temple, grunt_vaults_swirl,
          grunt_vaults_funneled_arena, nicolae_vaults_oval_intersection,
          v_misc_14, nicolae_vaults_network_s, v_misc_3, nicolae_vaults_house_2,
          v_alt_pattern_4, nicolae_vaults_doubleplus_tesselated,
          nicolae_vaults_shelves_hall, vaults_room_door_hall,
          vaults_room_corners, layout_vaults_omnibox, serial_shops, shop
Vaults:2: nicolae_vaults_door_testing_chamber,
          minmay_crypt_entry_simple_statues, vaults_room_pools,
          nicolae_vaults_trapezoid_4, vaults_room_fours,
          nicolae_vaults_stepped_doors, vaults_mumra_chevron,
          nicolae_vaults_taking_the_gang_shopping,
          nicolae_vaults_more_shelving_2, v_pattern_1, nicolae_vaults_diamond_1,
          layout_vaults_omnigrid
Vaults:3: nicolae_vaults_tetromino_L_2, nicolae_vaults_little_ls,
          ontoclasm_vaults_ligature, nicolae_vaults_mini_display_case, v_misc_3,
          nicolae_vaults_tetromino_Z_1, vaults_dpeg_hooks,
          nicolae_vaults_network_barrier, grunt_vaults_twisty,
          nicolae_vaults_diamond_1, layout_vaults_maze_snakey, uniq_nikola
Vaults:4: gammafunk_ghost_necromancy, dpeg_vaults_monster_row,
          hangedman_vaults_cutoff, hangedman_vaults_stream,
          nicolae_vaults_network_periphery, nicolae_vaults_shelves_hall,
          nicolae_vaults_antechamber_and_loot_room, vaults_room_fours,
          ontoclasm_vaults_chip, ontoclasm_vaults_gateway,
          layout_vaults_chaotic_city, serial_shops,
          nicolae_shop_temple_entry_statues_fountains, uniq_xtahua
Vaults:5
Depths:1: layout_roguey, enter_ziggurat_d, abyss_entry, gammafunk_ghost_split,
          pf_hell_entry_great_geh, hangedman_decor_clover_reticule,
          moated_statue, nicolae_shop_dragon_depot, kennysheep_generic_room_9,
          uniq_sojobo, uniq_boris, uniq_asterion
Depths:2: minmay_polygon_palace, layout_cave_shapes, grunt_hell_entry_dis_mu,
          rand_demon_pan_entry_4, serial_shops, shop, serial_library,
          serial_library_regret_index_double_sided,
          serial_library_hellmonk_open_square, serial_library_hellmonk_room_c,
          serial_library_hellmonk_angled_corner,
          serial_library_hellmonk_recessed_alcove,
          serial_library_regret_index_branch_corner,
          serial_library_hellmonk_open_square, serial_library_hellmonk_junction,
          serial_library_hellmonk_open_cross, chequers_serial_rivers_room_a,
          water_maze_lemuel
Depths:3: minmay_tearing_corner, layout_gridville, hell_entry,
          grunt_pan_entry_zigzag, abyss_entry, guppyfry_shop_blood,
          minmay_shop_star, uniq_parghit
Depths:4: evilmike_zot_entry_hall, layout_gridlike,
          serial_sigils_hangedman_snap, lightli_too_deep, rand_demon_pan_entry_3
Pan:      evilmike_holy_pan, evilmike_mini_pan_V, layout_basic,
          reaverb_pan_chaos_star, nicolae_pan_gloorx_vloqian_3,
          amcnicky_altar_lugonu_corruption, pan_disco_hall, layout_rooms,
          pan_blood_fountain_2, pan_blood_fountain, grunt_pan_zigzag,
          layout_grid_shapes, rand_demon_8, layout_pan_divisions_a
          [pan_division_quadrant_a3, pan_division_quadrant_a5,
          pan_division_quadrant_a6, pan_division_quadrant_a3,
          pan_division_octagon_rings], lemuel_hellion_island, layout_gridlike,
          reaverb_pan_figure_eight, nicolae_pan_glass_arcs, layout_rooms,
          nicolae_pan_sigil_uleosi, nicolae_pan_mnolegish_4,
          evilmike_mini_pan_layers, layout_pan_divisions_b
          [pan_division_quadrant_b1, pan_division_quadrant_b4,
          pan_division_quadrant_b4, pan_division_quadrant_b2],
          evilmike_mini_pan_thingy, layout_long_grid, evilmike_mini_pan_V,
          layout_gridville, evilmike_mnoleg_eyes, layout_grid_shapes,
          pan_blood_fountain_small

Skill      XL: |  1  2  3  4  5  6  7  8  9 10 11 12 13 14 15 16 17 18 19 20 21 22 23 24 25 26 27 |
---------------+----------------------------------------------------------------------------------+-----
Long Blades    | 3 4 5 6 8 9 10 11 12 13 14 | 14.1
Armour         | 1 2 3 4 5 7 8 9 10 11 12 13 14 | 14.9
Ranged Weapons | 1 2 3 5 6 9 11 12 13 15 16 17 18 19 20 21 22 24 25 26 27 | 27.0
Dodging        | 3 4 5 6 7 8 9 10 11 | 11.8
Stealth        | 1 |  1.5
Fighting       | 3 5 6 8 9 10 11 13 14 15 16 17 18 20 21 22 23 25 | 25.3
Invocations    | 2 4 6 7 8 10 11 13 14 15 16 17 18 19 20 21 22 23 24 | 24.7
Shields        | 1 2 3 4 5 6 7 8 9 10 11 12 | 12.7
Spellcasting   | 2 5 7 |  7.6
Hexes          | 1 2 5 7 8 |  8.2
Throwing       | |  1.7
Evocations     | |  0.3

Action                     |  1- 3 |  4- 6 |  7- 9 | 10-12 | 13-15 | 16-18 | 19-21 | 22-24 | 25-27 || total
---------------------------+-------+-------+-------+-------+-------+-------+-------+-------+-------++-------
  Melee: Long sword        |    43 |       |       |       |       |       |       |       |       ||    43
         Demon blade       |     4 |    27 |    38 |   101 |   353 |   262 |    77 |   109 |    13 ||   984
         Touch             |       |       |     2 |    24 |    81 |    61 |    21 |    32 |     6 ||   227
         Punch             |       |       |     1 |     2 |     6 |     1 |     2 |     3 |       ||    15
   Fire: Heavy crossbow    |    19 |    30 |    97 |   134 |   397 |   450 |   621 |   675 |   777 ||  3200
         Hand cannon       |       |       |       |       |     1 |       |       |       |       ||     1
   Cast: Jinxbite          |       |       |       |       |       |       |       |       |     2 ||     2
         Tukima's Dance    |       |       |       |       |       |       |       |       |     1 ||     1
         Silence           |       |       |       |       |       |       |       |       |     1 ||     1
         Anguish           |       |       |       |       |       |       |       |       |     1 ||     1
 Invoke: Upheaval          |       |       |       |       |     4 |    12 |     2 |     8 |     8 ||    34
         Elemental Force   |       |       |       |       |       |     3 |     2 |    10 |    14 ||    29
         Disaster Area     |       |       |       |       |       |     3 |     2 |     3 |       ||     8
Ability: Begin Untransform |       |       |       |       |     1 |       |       |       |       ||     1
  Evoke: Phial of floods   |       |       |       |       |       |     1 |       |     1 |       ||     2
         Lightning rod     |       |       |       |       |       |       |     1 |       |       ||     1
    Use: Scroll            |     7 |     7 |     6 |    13 |     2 |     5 |     4 |    11 |    15 ||    70
         Potion            |       |       |       |       |       |     2 |    10 |     4 |    15 ||    31
   Stab: Sleeping          |     1 |       |       |       |       |       |       |       |       ||     1
         Distracted        |     1 |       |       |       |       |       |       |       |       ||     1
         Paralysed         |       |       |       |       |       |     4 |       |     2 |       ||     6
         Invisible         |       |       |       |       |       |       |     1 |       |       ||     1
 Armour: Leather armour    |    29 |    11 |    20 |    59 |   254 |       |       |       |       ||   373
         Ring mail         |       |       |       |       |       |   143 |       |       |       ||   143
         Chain mail        |       |       |       |       |       |   310 |   461 |   466 |   416 ||  1653
  Dodge: Dodged            |    32 |    19 |    38 |    86 |   445 |   609 |   590 |   446 |   378 ||  2643
         Repelled          |       |       |       |       |     8 |     6 |    13 |    27 |    10 ||    64
  Block: Other             |       |     3 |    19 |    66 |   280 |   301 |   261 |   252 |   227 ||  1409
         Reflection        |       |       |     1 |     5 |    19 |    28 |    46 |    39 |       ||   138
   Form: Maw               |       |       |       |       |     1 |       |       |       |       ||     1
